 Dungeon Crawl Stone Soup version 0.30-a0-959-g3818848631 (webtiles) character file.

Game seed: 9369752204637406482

5579 CrazyBamboolord the Covert (level 11, -2/64 HPs)
             Began as a Kobold Brigand on Mar 29, 2023.
             Was a Follower of Uskayaw.
             Slain by a yak (7 damage)
             ... while paralysed by a hornet
             ... on level 9 of the Dungeon on Mar 30, 2023.
             The game lasted 00:19:40 (10303 turns).

CrazyBamboolord the Covert (Kobold Brigand)        Turns: 10303, Time: 00:19:41

Health: -2/64      AC:  9    Str:  9    XL:     11   Next: 2%
Magic:  14/14      EV:  3    Int: 17    God:    Uskayaw [*.....]
Gold:   428        SH:  0    Dex: 24    Spells: 10/10 levels left

rFire   . . .      SeeInvis +    a - +5 short sword
rCold   . . .      Faith    .    (no shield)
rNeg    . . .      Spirit   .    y - +2 robe "Myguxut" {Int+4 Dex+4 SInv}
rPois   .          Reflect  +    q - +0 helmet {SInv}
rElec   .          Rampage  .    c - +0 cloak
rCorr   +                        (no gloves)
Will    .....                    x - +2 pair of boots
Stlth   +++++++                  P - amulet of reflection
HPRegen 0.30/turn                s - ring of resist corrosion
MPRegen 0.14/turn                (no ring)

@: paralysed, lethally poisoned (-2 -> -5), slowed
A: small, no large weapons, nightstalker 3
a: Renounce Religion, Stomp


You were on level 9 of the Dungeon.
You worshipped Uskayaw.
Uskayaw was noncommittal.
You visited 2 branches of the dungeon, and saw 10 of its levels.
You also visited: Ossuary.

You collected 428 gold pieces.

Inventory:

Hand Weapons
 a - a +5 short sword (weapon)
 b - a +2 scimitar of flaming
 B - a +2 dagger
 O - a +1 antimagic dagger
Missiles
 d - 25 poisoned darts
 e - 3 curare-tipped darts
 G - 5 boomerangs (quivered)
Armour
 c - a +0 cloak (worn)
 q - a +0 helmet of see invisible (worn)
 x - a +2 pair of boots (worn)
 y - the +2 robe "Myguxut" (worn) {Int+4 Dex+4 SInv}
   (You found it on level 2 of the Dungeon)

   Int:       It affects your intelligence (+4).
   Dex:       It affects your dexterity (+4).
   SInv:      It lets you see invisible.
 M - +0 steam dragon scales
Jewellery
 s - a ring of resist corrosion (left hand)
 P - an amulet of reflection (around neck)
 W - a +6 ring of dexterity
Wands
 m - a wand of polymorph (14)
 w - a wand of paralysis (27)
 E - a wand of flame (31)
 Q - a wand of light (6)
 R - a wand of iceblast (8)
Scrolls
 h - 2 scrolls of torment
 j - 6 scrolls of fog
 k - 8 scrolls of teleportation
 t - 2 scrolls of enchant armour {unknown}
 u - a scroll of enchant weapon {unknown}
 C - 4 scrolls of vulnerability {unknown}
 D - 2 scrolls of immolation
 F - a scroll of magic mapping
 I - a scroll of brand weapon {unknown}
 J - 4 scrolls of fear {unknown}
 K - 2 scrolls of noise {unknown}
 L - a scroll of amnesia {unknown}
 T - 2 scrolls of blinking
 U - a scroll of acquirement {unknown}
 V - 2 scrolls of identify
Potions
 f - 2 potions of magic
 g - 2 potions of mutation
 i - 4 potions of might
 l - a potion of attraction {unknown}
 n - 4 potions of curing
 o - 5 potions of brilliance
 p - 2 potions of flight {unknown}
 r - 8 potions of heal wounds {unknown}
 v - 2 potions of lignification {unknown}
 z - a potion of ambrosia {unknown}
 A - a potion of cancellation {unknown}
 H - a potion of degeneration {unknown}
 N - 2 potions of invisibility
 S - 4 potions of haste {unknown}


   Skills:
 * Level 6.0 Fighting
 * Level 9.2 Short Blades
 * Level 6.2 Throwing
 * Level 7.4 Dodging
 * Level 14.0 Stealth
 + Level 0.6 Shields
 * Level 4.4 Invocations


You had 10 spell levels left.
You didn't know any spells.
Your spell library contained the following spells:

 Spells                   Type           Power      Damage    Failure   Level
 Freeze                   Ice            0%         1d3       24%         1
 Summon Small Mammal      Summ           0%         N/A       24%         1
 Call Canine Familiar     Summ           0%         N/A       56%         3
 Frozen Ramparts          Ice            0%         1d1       56%         3
 Gell's Gravitas          Tloc           0%         N/A       56%         3
 Hailstorm                Conj/Ice       0%         3d3       56%         3
 Ozocubu's Armour         Ice            0%         N/A       56%         3
 Summon Guardian Golem    Hex/Summ       0%         N/A       56%         3
 Teleport Other           Tloc           0%         N/A       56%         3
 Dispersal                Tloc           0%         N/A       100%        6
 Ozocubu's Refrigeration  Ice            0%         4d7       100%        7


Dungeon Overview and Level Annotations

Branches:
Dungeon (9/15)             Temple (1/1) D:6            Lair (0/5) D:8
Ossuary (visited)
    Orc: D:9-12

Altars:
Ashenzari
Cheibriados
Dithmenos
Elyvilon
Fedhas
Gozag
Hepliaklqana
Nemelex Xobeh
Okawaru
Qazlal
Ru
Sif Muna
Trog
Uskayaw
Vehumet
Xom
Yredelemnul
Zin
The Shining One

Shops:
D:8 (

Annotations:
D:8 3 runed translucent doors


Innate Abilities, Weirdness & Mutations

You are small and have problems with some larger weapons.
You are completely attuned to the shadows.


Message History

The kobold brigand attacks as you move away!
The kobold brigand hits you with a +0 club.
A hornet comes into view.
The acid dragon closely misses you. The acid dragon claws you.
You block the yak's attack. The yak completely misses you.
The wight barely misses you.
You see here a +2 short sword of holy wrath.
The acid dragon attacks as you move away!
You block the acid dragon's attack. The acid dragon claws you.
The yak barely misses you. The wight barely misses you.
You hit the wight.
The wight is lightly damaged.
You hit the wight. You punch the wight, but do no damage.
The wight is moderately damaged.
The yak completely misses you. The kobold closely misses you.
You block the wight's attack.
The kobold brigand attacks as you move away!
The kobold brigand misses you. The kobold barely misses you.
The yak closely misses you. The yak attacks as you move away!
The yak barely misses you. The yak attacks as you move away!
The yak closely misses you. The yak attacks as you move away!
You block the yak's attack. The hornet stings you!
You are poisoned.
You feel yourself slow down. The hornet attacks as you move away!
The hornet misses you.
You feel very sick. The hornet misses you. You block the hornet's attack.
The hornet attacks as you move away! The hornet stings you!
* * * LOW HITPOINT WARNING * * *
You feel as though you will be slow longer.
You feel sick. The hornet stings you!
* * * LOW HITPOINT WARNING * * *
You suddenly lose the ability to move!
The yak gores you.
* * * LOW HITPOINT WARNING * * *
You can no longer pass through a line of other dancers.
You feel sick. The hornet barely misses you.
The hornet stings you but does no damage.
The yak gores you!
You die...

.......... .............
..............
........#.......#
................##
#....##....#....###......
##.)..#...........##.....
#....##......KzzK.......
#....#####..@yYDY.Y)z...
#...## ####YKKY.)Y....
##...# #....)......
#...##### ##..Y##.....
#...#..<# #...###....
####.....#### #....# ....
#>.##...##.># .....#
#...#.).#...#
##.'#.))#'.#


You could see 5 yaks, a hornet, an acid dragon, a kobold brigand, 2 wights and 3
kobolds.

Vanquished Creatures
  Maggie (D:6)
  A komodo dragon (D:8)
  Sigmund (D:2)
  8 yaks (D:8)
  4 water moccasins
  An ice beast (D:5)
  An orc warrior (D:9)
  5 black bears
  2 sky beasts
  A centaur (D:8)
  An ogre (D:7)
  A phantom (D:5)
  A kobold brigand (D:7)
  4 bullfrogs
  A gnoll sergeant (D:8)
  2 scorpions (D:5)
  2 water moccasin zombies (Ossuary)
  14 wights
  4 killer bees (D:8)
  3 hounds
  Crazy Yiuf (D:3)
  3 orc priests
  5 orc wizards
  An iguana (D:5)
  2 mummies (Ossuary)
  9 gnolls
  10 adders
  A shadow imp (D:6)
  2 white imps (D:7)
  2 ufetubi
  2 worms (D:3)
  4 adder zombies (Ossuary)
  3 dart slugs
  31 orcs
  7 ball pythons
  4 bats (D:1)
  3 endoplasms
  2 giant cockroaches
  2 gnoll zombies (Ossuary)
  13 goblins
  6 hobgoblins
  5 jackals
  4 quokkas
  2 frilled lizards
  9 hobgoblin zombies (Ossuary)
  12 kobolds
  4 kobold zombies (Ossuary)
  5 orc zombies (Ossuary)
  10 rats
  A butterfly (D:6)
223 creatures vanquished.

Vanquished Creatures (others)
  35 fungi (D:8)
  33 plants
68 creatures vanquished.

Grand Total: 291 creatures vanquished

Notes
Turn   | Place    | Note
-------+----------+-------------------------------------------
     0 | D:1      | CrazyBamboolord the Kobold Brigand began the quest for the
                  | Orb.
     0 | D:1      | Reached XP level 1. HP: 12/12 MP: 1/1
    62 | D:1      | Reached XP level 2. HP: 17/17 MP: 2/2
   151 | D:1      | Reached skill level 6 in Stealth
   306 | D:1      | Reached XP level 3. HP: 22/22 MP: 3/3
   465 | D:1      | You fall into a shaft and drop 1 floor!
   554 | D:2      | Found a snail-covered altar of Cheibriados.
   868 | D:2      | Reached XP level 4. HP: 27/27 MP: 4/4
   903 | D:2      | Reached skill level 7 in Stealth
  1151 | D:2      | Noticed Sigmund
  1171 | D:2      | Killed Sigmund
  1172 | D:2      | Reached skill level 8 in Stealth
  1172 | D:2      | Reached XP level 5. HP: 27/32 MP: 5/5
  1172 | D:2      | Reached XP level 6. HP: 31/37 MP: 6/6
  1234 | D:2      | Identified the +2 robe "Myguxut" {Int+4 Dex+4 SInv}
  2302 | D:3      | Found a white marble altar of Elyvilon.
  2687 | D:3      | Found a broken altar of Ashenzari.
  2887 | D:3      | Found a runed translucent door.
  2890 | D:3      | Noticed Crazy Yiuf
  3243 | D:3      | Killed Crazy Yiuf
  3549 | D:4      | Found a sand-covered staircase.
  3555 | Ossuary  | Entered an ossuary
  3663 | Ossuary  | Reached skill level 9 in Stealth
  3663 | Ossuary  | Reached XP level 7. HP: 39/41 MP: 7/7
  4220 | D:4      | Found a hazy altar of Hepliaklqana.
  4635 | D:4      | Reached skill level 5 in Short Blades
  4927 | D:5      | Entered Level 5 of the Dungeon
  5085 | D:5      | Noticed a water moccasin
  5090 | D:5      | Killed a water moccasin
  5091 | D:5      | Reached XP level 8. HP: 48/48 MP: 2/8
  5218 | D:5      | Reached skill level 10 in Stealth
  5231 | D:5      | Found an iron altar of Okawaru.
  6343 | D:6      | Reached XP level 9. HP: 52/52 MP: 3/9
  6690 | D:6      | Found a stormy altar of Qazlal.
  6734 | D:6      | Found a snail-covered altar of Cheibriados.
  6913 | D:6      | Found a staircase to the Ecumenical Temple.
  6964 | D:6      | Noticed Maggie
  6968 | D:6      | Killed Maggie
  6969 | D:6      | Reached skill level 5 in Dodging
  6969 | D:6      | Reached skill level 11 in Stealth
  7308 | Temple   | Entered the Ecumenical Temple
  7366 | Temple   | Became a worshipper of Uskayaw the Reveller
  7516 | D:7      | Reached * piety under Uskayaw
  7557 | D:7      | Reached ** piety under Uskayaw
  7582 | D:7      | Reached *** piety under Uskayaw
  7588 | D:7      | Reached **** piety under Uskayaw
  7800 | D:7      | Reached skill level 12 in Stealth
  7800 | D:7      | Reached skill level 1 in Invocations
  8513 | D:8      | Found a runed translucent gate.
  8513 | D:8      | Found a runed translucent gate.
  8513 | D:8      | Found a runed translucent gate.
  8515 | D:8      | Noticed a white ugly thing
  8515 | D:8      | Noticed a green ugly thing
  8515 | D:8      | Noticed a red ugly thing
  8528 | D:8      | Noticed a cyan ugly thing
  8543 | D:8      | Noticed a glowing orange brain
  8562 | D:8      | Reached skill level 5 in Fighting
  8562 | D:8      | Reached skill level 5 in Throwing
  8563 | D:8      | Reached XP level 10. HP: 30/59 MP: 11/11
  8900 | D:8      | Found Koduukk's Antique Weapon Emporium.
  9062 | D:8      | Noticed a moth of wrath
  9068 | D:8      | Found a bloodstained altar of Trog.
  9131 | D:8      | Noticed a komodo dragon
  9149 | D:8      | Reached skill level 13 in Stealth
  9164 | D:8      | Reached ***** piety under Uskayaw
  9174 | D:8      | Killed a komodo dragon
  9188 | D:8      | Reached ****** piety under Uskayaw
  9618 | D:8      | Found a staircase to the Lair.
 10162 | D:8      | Upgraded the game from 0.30-a0-954-gcf5f444c16 to
                  | 0.30-a0-959-g3818848631
 10205 | D:9      | Reached skill level 14 in Stealth
 10211 | D:9      | Reached XP level 11. HP: 63/64 MP: 14/14
 10302 | D:9      | Paralysed by a hornet for 2 turns
 10303 | D:9      | Slain by a yak

Illustrated notes

Levels and vault maps discovered:
D:1:      minmay_arrival_up_and_down, layout_loops_corners, serial_forest,
          infiniplex_forest_straight_3, infiniplex_forest_lined_room_2,
          infiniplex_forest_zigzag_2, infiniplex_forest_split,
          infiniplex_forest_zigzag_1, infiniplex_forest_straight_4,
          infiniplex_forest_straight_2, infiniplex_forest_side_room,
          nrook_loot_triangle
D:2:      minmay_inner_zag, layout_basic, basic_altar, hex_large,
          minmay_heptomino_o4, uniq_sigmund
D:3:      layout_loops_corners, marbit_many_paths, mainiacjoe_overflow_alcove_1,
          uniq_crazy_yiuf_cottage
D:4:      layout_gridville, mainiacjoe_overflow_brackets, enter_ossuary_3,
          minmay_misc_feat_tiny, hangedman_abyss_or_decor_lesser_grid,
          skrybe_limestone_x, dreamdust_wishing_well
D:5:      layout_basic, kennysheep_okawaru_gauntlet
D:6:      layout_layer_cave, mainiacjoe_overflow_large_starburst,
          minmay_temple_entry_butterflies, uniq_maggie
D:7:      layout_loops_ring
D:8:      layout_gridville, tgw_trog, due_lair_maze_entry_diamond, serial_shops,
          shop, ploomutoo_gammafunk_ghost_potion_laboratory
D:9:      layout_cross, mainiacjoe_overflow_alcove_4, serial_column_ruins,
          column_ruins_columns_straight, column_ruins_columns_plus,
          column_ruins_open_tiny, column_ruins_columns_dead_end,
          grunt_ministairs_6, serial_bayou_lake_a
Temple:   nicolae_temple_hex_pool

Skill      XL: |  1  2  3  4  5  6  7  8  9 10 11 |
---------------+----------------------------------+-----
Stealth        | 6 8 9 10 12 14 | 14.0
Short Blades   | 3 4 5 7 8 9 |  9.2
Fighting       | 3 4 5 6 |  6.0
Dodging        | 2 3 4 6 7 |  7.4
Throwing       | 3 4 5 6 |  6.2
Invocations    | 1 4 |  4.4
Shields        | |  0.6

Action                     |  1- 3 |  4- 6 |  7- 9 | 10-12 || total
---------------------------+-------+-------+-------+-------++-------
  Melee: Dagger            |    62 |   157 |   366 |       ||   585
         Punch             |       |     2 |     3 |     3 ||     8
         Short sword       |       |       |    28 |   225 ||   253
  Throw: Dart              |       |       |     2 |       ||     2
 Invoke: Grand Finale      |       |       |       |     1 ||     1
    Use: Scroll            |     1 |     6 |     4 |       ||    11
         Potion            |       |     2 |     2 |     2 ||     6
   Stab: Sleeping          |    15 |    20 |    31 |    15 ||    81
         Distracted        |       |     1 |       |     2 ||     3
         Paralysed         |       |       |     5 |     8 ||    13
 Armour: Robe              |     7 |    27 |    72 |    41 ||   147
  Dodge: Dodged            |    25 |    72 |   240 |   172 ||   509
  Block: Other             |       |       |     7 |    43 ||    50

Table legend: (Time is in decaauts)
 A = Elapsed time spent in this place.
 B = Non-inter-level travel time spent in this place.
 C = Inter-level travel time spent in this place.
 D = Time resting spent in this place.
 E = Time spent auto-exploring this place.
 F = Levels seen in this place.
 G = Mean time per level.
                   A        B        C        D        E       F      G
               +--------+--------+--------+--------+--------+-----+--------+
         Total |  10053 |   9272 |    781 |    291 |   7601 |  11 |  913.9 |
       Dungeon |   9640 |   8869 |    771 |    291 |   7366 |   9 | 1071.1 |
        Temple |    172 |    162 |     10 |      0 |    144 |   1 |  172.0 |
       Ossuary |    240 |    240 |      0 |      0 |     91 |   1 |  240.0 |
               +--------+--------+--------+--------+--------+-----+--------+

Top non-repeatable levels by time:
     D:8: 1581 daAuts
     D:3: 1320 daAuts
     D:5: 1231 daAuts
     D:1: 1199 daAuts
     D:6: 1142 daAuts
     D:2: 1117 daAuts
     D:4: 986 daAuts
     D:7: 960 daAuts
 Ossuary: 240 daAuts
  Temple: 172 daAuts
     D:9: 99 daAuts
